Map: Ruins of Endion

Players

Illusion - Winner!

  • Race: Terran Terran
  • League: Grandmaster

Pokebunny

  • Race: Terran Terran
  • League: Grandmaster

VOD

Have the link to the VOD?

Description

Time

  • Played on: April 7, 2016, 9:32 p.m.
  • Length: 4:37
Show
View Real Time Build Order
Export as new Build Order

Illusion Terran - Winner!

Build Orders:  

Get SALT Encoding   

  12  0:01  SCV  
  13  0:13  SCV  
  14  0:21  Supply Depot  
  14  0:44  Barracks  
  14  0:48  Barracks  
  14  0:55  SCV  
  15  1:07  SCV  
  16  1:20  SCV  
  17  1:32  Marine  
  17  1:33  Orbital Command  
  17  1:35  Supply Depot, Marine  
  19  1:50  Marine  
  19  1:52  Marine  
  21  2:00  SCV  
  22  2:16  Marine x2  
  24  2:34  Marine  
  24  2:46  Marine  
  23  2:52  Marine  
  19  3:06  Marine  
  19  3:09  Marine  
  20  3:31  Marine x2  
  8  3:48  Marine  
  8  3:54  SCV  
  7  4:08  Marine  
  8  4:11  Marine  
Show
View Real Time Build Order
Export as new Build Order

Pokebunny Terran 

Build Orders:  

Get SALT Encoding   

  12  0:00  SCV  
  13  0:12  SCV  
  14  0:17  Supply Depot  
  14  0:25  SCV  
  15  0:29  Refinery  
  15  0:39  SCV  
  16  0:45  Barracks  
  16  0:51  SCV  
  17  1:03  SCV  
  18  1:09  Refinery  
  18  1:15  SCV  
  19  1:33  Orbital Command, Marine  
  19  1:36  Factory  
  20  1:51  Marine  
  21  1:54  Supply Depot  
  21  2:01  Bunker  
  21  2:02  SCV  
  22  2:10  Marine  
  19  2:28  Marine  
  19  2:34  Hellion  
  19  3:01  Marine  
  7  3:55  Marine  
  4  4:05  Hellion  
Tags
 
Add a new tag
Caveats
  • Supply blocks, unpowered buildings, or Contaminate may cause inaccurate times.
  • Supply counts are checked every 10 seconds.